 Dungeon Crawl Stone Soup version 0.23.2-40-g277498a001 (webtiles) character file.

Game seed: 10247935145544520926

531 Emblim88 the Ruffian (level 7, -2/49 HPs)
             Began as an Octopode Berserker on Oct 17, 2019.
             Was a Believer of Trog.
             Succumbed to a black mamba's poison
             ... on level 1 of the Abyss on Oct 18, 2019.
             The game lasted 00:08:29 (3203 turns).

Emblim88 the Ruffian (Octopode Berserker)           Turns: 3203, Time: 00:08:30

Health: -2/49      AC:  7    Str: 19    XL:     7   Next: 24%
Magic:  7/7        EV: 14    Int:  9    God:    Trog [**....]
Gold:   221        SH:  0    Dex: 11    Spells: 6/6 levels left

rFire    . . .     SeeInvis .     - Unarmed
rCold    . . .     Gourm    .   (no shield)
rNeg     . . .     Faith    .   (helmet restricted)
rPois    .         Spirit   .   (no amulet)
rElec    .         Reflect  .   f - +6 ring of protection
rCorr    .         Harm     .   (no ring)
MR       .....                  (no ring)
Stlth    ++++......             (no ring)
HPRegen  0.16/turn              (no ring)
MPRegen  0.10/turn              (no ring)
                                (no ring)
                                (no ring)

@: lethally poisoned (-2 -> -32)
A: almost no armour, stealthy swim, amphibious, 8 rings, constrict 8, camouflage
1, gelatinous body 1
a: Berserk, Trog's Hand, Renounce Religion


You were on level 1 of the Abyss.
You worshipped Trog.
Trog was pleased with you.
You were not hungry.

You visited 1 branch of the dungeon, and saw 4 of its levels.
You visited the Abyss 1 time.

You collected 221 gold pieces.

Inventory:

Jewellery
 f - a +6 ring of protection (left tentacle)
Wands
 d - a wand of disintegration (5)
 g - a wand of paralysis (12)
 q - a wand of digging (5)
 u - a wand of random effects (12)
 w - a wand of flame (17)
Scrolls
 b - a scroll of immolation
 i - a scroll of teleportation
 m - a scroll of amnesia
 n - 2 scrolls of remove curse
 p - a scroll of magic mapping
 r - a scroll of noise
 v - a scroll of identify
Potions
 c - 2 potions of heal wounds
 e - a potion of lignification
 h - 5 potions of curing
 j - a potion of magic
 k - a potion of brilliance
 l - a potion of might {unknown}
 o - 3 potions of flight {unknown}
 s - a potion of resistance {unknown}
 t - a potion of berserk rage {unknown}
Comestibles
 a - 3 rations


   Skills:
 + Level 4.3 Fighting
 + Level 4.4 Dodging
 * Level 4.5 Stealth
 * Level 5.5 Unarmed Combat
 + Level 0.3 Evocations


You had 6 spell levels left.
You didn't know any spells.
Your spell library was empty.

Dungeon Overview and Level Annotations

Branches:
Dungeon (4/15)
 Temple: D:4-7

Altars:
Nemelex Xobeh
Vehumet

Annotations:
D:4 Crazy Yiuf


Innate Abilities, Weirdness & Mutations

You cannot wear most types of armour.
You are very stealthy in the water. (Stealth+)
You are amphibious.
You can wear up to eight rings at the same time.
You can use your tentacles to constrict eight enemies at once.
Your skin changes colour to match your surroundings (Stealth+).
Your rubbery body absorbs attacks. (AC +1, EV +1)


Message History

The quasit claws you but does no damage.
The quasit misses you.
You feel sick. The black mamba bites you. x2
You feel sick. The black mamba bites you!
Found a glowing spear.
* * * LOW HITPOINT WARNING * * *
You feel sick. The black mamba bites you.
* * * LOW HITPOINT WARNING * * *
* * * LOW HITPOINT WARNING * * *
You feel sick.
The naga disappears in a puff of smoke!
The quasit closely misses you.
The quasit claws you but does no damage. x2
The black mamba bites you!
* * * LOW HITPOINT WARNING * * *
You are more poisoned.
The black mamba poisons you!
Found a chain mail.
Unknown command.
Unknown command.
You die...

....§#.§..§.§§. ..§ §
§
.§..§......§§§......§
.§...§.......§.§.. .
§§......§.§§§..#§.§ .
#.......§.§..§§.....
#.§.#.S.#...#..§...
.#§§S5x§§.#§.....
..§§§..§..#§...
.§§.@§§§...§...
......§.§.§ §...§
.....§....§ .§..
.§......#.§ .
.§.)......§
...§...§§... .
§...[..#..§
.#.........


You could see a worldbinder, 2 black mambas and a quasit.

Vanquished Creatures
  A phantom (D:4)
  Blork the orc (D:4)
  A howler monkey (D:4)
  A hound (D:2)
  An orc wizard (D:3)
  3 orc priests
  Ijyb (D:4)
  A worker ant (D:4)
  Terence (D:3)
  4 adders
  An ooze (D:2)
  A worm (D:2)
  2 dart slugs
  A leopard gecko (D:3)
  7 orcs
  A ball python (D:3)
  3 bats
  9 giant cockroaches
  7 goblins
  8 hobgoblins
  8 kobolds
  A quokka (D:3)
  2 frilled lizards (D:4)
  5 rats
71 creatures vanquished.

Vanquished Creatures (others)
  4 toadstools (D:1)
4 creatures vanquished.

Grand Total: 75 creatures vanquished

Notes
Turn   | Place    | Note
-------+----------+-------------------------------------------
     0 | D:1      | Emblim88 the Octopode Berserker began the quest for the
                  | Orb.
     0 | D:1      | Reached XP level 1. HP: 16/16 MP: 1/1
   138 | D:1      | Reached XP level 2. HP: 14/21 MP: 2/2
   751 | D:2      | Reached XP level 3. HP: 26/26 MP: 3/3
   853 | D:2      | Found a radiant altar of Vehumet.
   920 | D:2      | Reached skill level 4 in Unarmed Combat
   920 | D:2      | Reached XP level 4. HP: 31/31 MP: 4/4
  1089 | D:2      | Reached XP level 5. HP: 37/37 MP: 5/5
  1108 | D:2      | Reached ** piety under Trog
  1520 | D:3      | Found a sparkling altar of Nemelex Xobeh.
  1722 | D:3      | Reached skill level 1 in Stealth
  1780 | D:3      | Noticed Terence
  1789 | D:3      | Killed Terence
  2295 | D:4      | Noticed Ijyb
  2303 | D:4      | Reached XP level 6. HP: 43/43 MP: 6/6
  2306 | D:4      | Killed Ijyb
  2306 | D:4      | Reached skill level 5 in Unarmed Combat
  2362 | D:4      | Found a runed translucent door.
  2363 | D:4      | Noticed Crazy Yiuf
  2574 | D:4      | Noticed a phantom
  2616 | D:4      | Killed a phantom
  2637 | D:4      | Noticed Blork the orc
  2651 | D:4      | Killed Blork the orc
  2651 | D:4      | Reached XP level 7. HP: 45/48 MP: 7/7
  3039 | D:4      | Cast into level 1 of the Abyss (Crazy Yiuf)
  3074 | Abyss:1  | Noticed a large abomination
  3119 | Abyss:1  | Noticed an insubstantial wisp
  3156 | Abyss:1  | Noticed a worldbinder
  3157 | Abyss:1  | Noticed a thrashing horror
  3160 | Abyss:1  | Noticed a black mamba
  3160 | Abyss:1  | Noticed a black mamba
  3168 | Abyss:1  | Noticed a wraith
  3168 | Abyss:1  | Noticed a mana viper
  3168 | Abyss:1  | Noticed a naga
  3174 | Abyss:1  | Noticed a black mamba
  3177 | Abyss:1  | Noticed a mana viper
  3177 | Abyss:1  | Noticed a naga
  3177 | Abyss:1  | Noticed a naga
  3179 | Abyss:1  | Noticed a large abomination
  3183 | Abyss:1  | Noticed an ancient zyme
  3184 | Abyss:1  | Noticed a neqoxec
  3186 | Abyss:1  | Noticed a black mamba
  3187 | Abyss:1  | Noticed a naga
  3188 | Abyss:1  | Noticed a naga
  3188 | Abyss:1  | Noticed a naga
  3197 | Abyss:1  | Noticed a black mamba
  3197 | Abyss:1  | Noticed a naga
  3197 | Abyss:1  | Noticed a black mamba
  3202 | Abyss:1  | HP: 1/49 [black mamba[a worldbinder] (9)]
  3203 | Abyss:1  | Succumbed to a black mamba's poison

Skill      XL: |  1  2  3  4  5  6 |
---------------+-------------------+-----
Unarmed Combat | 4 5 |  5.5
Stealth        | 2 4 |  4.5
Dodging        | 4 |  4.4
Fighting       | 4 |  4.3
Evocations     | |  0.3

Action                   |  1- 3 |  4- 6 |  7- 9 || total
-------------------------+-------+-------+-------++-------
Melee: Unarmed           |    51 |   113 |     9 ||   173
       Constrict         |    12 |    26 |     3 ||    41
       Tentacles         |    10 |    27 |     3 ||    40
       Punch             |     2 |     2 |       ||     4
Invok: Berserk           |     1 |     2 |     1 ||     4
       Trog's Hand       |       |     1 |       ||     1
Evoke: Wand              |       |     1 |     5 ||     6
  Use: Scroll            |       |     8 |       ||     8
       Potion            |       |     4 |       ||     4
 Stab: Sleeping          |     7 |     8 |     2 ||    17
  Eat: Chunk             |       |     2 |     2 ||     4
       Ration            |       |     2 |       ||     2
Armor: Skin              |     4 |    18 |     5 ||    27
Dodge: Dodged            |    18 |    58 |    14 ||    90
